 Dungeon Crawl Stone Soup version 0.27-a0-1196-g3e9cee4cb2 (console) character file.

Game seed: 4732495822139501824

52915 Hector the Brawler (level 14, -12/127 HPs)
             Began as a Troll Abyssal Knight on May 29, 2021.
             Was a High Priest of Lugonu.
             Mangled by a sun demon (17 damage)
             ... summoned by Frances
             ... on level 12 of the Dungeon.
             The game lasted 01:10:26 (18737 turns).

Hector the Brawler (Troll Abyssal Knight)          Turns: 18737, Time: 01:10:26

Health: -12/127    AC: 16    Str: 27    XL:     14   Next: 28%
Magic:  21/21      EV:  8    Int:  8    God:    Lugonu [*****.]
Gold:   1933       SH: 16    Dex:  9    Spells: 13/13 levels left

rFire    . . .     SeeInvis .     - Unarmed
rCold    + . .     Faith    .   i - +0 tower shield
rNeg     . . .     Spirit   .   d - +0 steam dragon scales
rPois    .         Reflect  .   h - +2 hat {Will+}
rElec    .         Harm     .   e - +2 cloak
rCorr    .         Rampage  .   (gloves unavailable)
Will     ++...                  (boots unavailable)
Stlth    +.........             K - amulet of magic regeneration
HPRegen  1.31/turn              A - +4 ring of protection
MPRegen  0.42/turn              C - ring of protection from cold

@: no status effects
A: large, unfitting armour, claws 3, regeneration 1, shaggy fur 1, tough skin 1
a: Renounce Religion, Depart the Abyss, Bend Space, Banish, Corrupt, Enter the
Abyss


You were on level 12 of the Dungeon.
You worshipped Lugonu.
Lugonu was extremely pleased with you.
You visited 3 branches of the dungeon, and saw 19 of its levels.
You visited the Abyss 1 time.

You collected 2161 gold pieces.
You spent 228 gold pieces at shops.

Inventory:

Hand Weapons
 H - a +2 spear of venom
Missiles
 c - 386 stones
 l - 7 curare-tipped darts
 n - 73 poisoned darts
 y - 5 javelins (quivered)
 D - 6 large rocks
 J - 17 boomerangs
Armour
 a - a +1 robe
 d - +0 steam dragon scales (worn)
 e - a +2 cloak (worn)
 h - a +2 hat of willpower (worn)
 i - a +0 tower shield (worn)
 r - a +0 kite shield
 E - a scarf of shadows
Jewellery
 v - a +4 ring of protection
 A - a +4 ring of protection (left claw)
 C - a ring of protection from cold (right claw)
 K - an amulet of magic regeneration (around neck)
 N - a ring of flight
 P - a ring of poison resistance
Wands
 b - a wand of flame (85)
 j - a wand of mindburst (33)
 p - a wand of digging (7)
 s - a wand of acid (35)
 F - a wand of iceblast (33)
 L - a wand of paralysis (23)
 S - a wand of polymorph (3)
Scrolls
 m - 5 scrolls of magic mapping
 o - 10 scrolls of teleportation
 I - a scroll of acquirement {unknown}
 M - 2 scrolls of fear
 Q - a scroll of brand weapon {unknown}
 U - a scroll of enchant weapon
 V - 3 scrolls of identify
Potions
 f - 3 potions of flight
 g - 2 potions of lignification
 k - a potion of mutation
 q - 4 potions of invisibility
 t - a potion of cancellation
 u - 3 potions of might
 w - a potion of ambrosia
 x - a potion of berserk rage
 B - 2 potions of heal wounds
 R - 5 potions of curing
 T - a potion of haste
Miscellaneous
 z - a lightning rod (4/4)
 G - a box of beasts
 O - a lightning rod (4/4)


   Skills:
 + Level 5.5 Fighting
 + Level 8.5 Dodging
 * Level 5.2 Shields
 + Level 17.0 Unarmed Combat
 * Level 11.5 Invocations


You had 13 spell levels left.
You didn't know any spells.
Your spell library contained the following spells:

 Spells                   Type           Power      Damage    Failure   Level
 Magic Dart               Conj           0%         1d3       98%         1
 Shock                    Conj/Air       0%         1d3       98%         1
 Blink                    Tloc           N/A        N/A       99%         2
 Call Imp                 Summ           0%         N/A       99%         2
 Slow                     Hex            0%         N/A       99%         2
 Static Discharge         Conj/Air       0%         N/A       99%         2
 Conjure Flame            Conj/Fire      0%         6-21      100%        3
 Mephitic Cloud           Conj/Pois/Air  0%         N/A       100%        3
 Swiftness                Air            0%         N/A       100%        3
 Airstrike                Air            0%         N/A       100%        4
 Lightning Bolt           Conj/Air       0%         1d11      100%        5


Dungeon Overview and Level Annotations

Branches:
Dungeon (12/15)            Temple (0/1) D:5            Lair (6/6) D:9
  Swamp (0/4) Lair:2       Spider (0/4) Lair:2        Slime (0/5) Lair:6
    Orc (1/2) D:11

Altars:
Cheibriados
Fedhas
Gozag
Hepliaklqana
Makhleb
Okawaru
Qazlal
Uskayaw
Wu Jian
Yredelemnul
The Shining One
Beogh
Jiyva

Shops:
D:1 **[!   D:5 :   D:10 [

Annotations:
D:5 3 runed translucent doors, celly00's ghost, amateur OpTm
D:11 water
D:12 Frances
Lair:2 exclusion: oklob plant


Innate Abilities, Weirdness & Mutations

You are too large for most types of armour.
You have claws for hands.
Your natural rate of healing is unusually fast.
You are covered in fur. (AC +1)
You have tough skin. (AC +1)


Message History

You closely miss Frances.
Frances is moderately wounded.
The sun demon hits you!
You are engulfed in flames!!
You block Frances's attack. You block the orange demon's attack.
The orange demon hits you but does no damage.
You scratch Frances but do no damage.
Frances is moderately wounded.
The sun demon hits you!
* * * LOW HITPOINT WARNING * * *
You are engulfed in flames!
* * * LOW HITPOINT WARNING * * *
Frances takes a defensive stance.
You block Frances's attack. You block the sun demon's attack.
Space bends around you!
You blink.
Frances mutters in a terrible tongue.
Frances seems to speed up.
The sun demon hits you!
* * * LOW HITPOINT WARNING * * *
You are engulfed in flames!
* * * LOW HITPOINT WARNING * * *
Unknown command.
You feel much better. You block the sun demon's attack.
Okay, then.
The sun demon hits you.
* * * LOW HITPOINT WARNING * * *
You are engulfed in flames!!
* * * LOW HITPOINT WARNING * * *
You feel much better. The sun demon hits you!
* * * LOW HITPOINT WARNING * * *
You are engulfed in flames!
* * * LOW HITPOINT WARNING * * *
Frances hits you from afar with a +0 trident!
* * * LOW HITPOINT WARNING * * *
There is a stone staircase leading up here.
You feel much better. You block the sun demon's attack.
Frances hits you from afar with a +0 trident!!
* * * LOW HITPOINT WARNING * * *
The sun demon hits you!
* * * LOW HITPOINT WARNING * * *
You are engulfed in flames!
You die...

#####.###### # .#
#. .# .# ## .# .#
.# #######.#
##..3@3..# #
#######...###@.#
...........##.##
#####..3....#.## #
#............ ###
#.......#.###
..#######.....##.#
..4.3...4....###.#
#.####...#######.#
### #..........


You could see Frances (fast), a soul eater (summoned) and a sun demon
(summoned).

Vanquished Creatures
  A fire dragon (D:10)
  A yaktaur captain (D:10)
  A boulder beetle (Lair:5)
  A centaur warrior (D:10)
  3 catoblepae
  2 two-headed ogres
  A lindwurm (Lair:6)
  An ugly thing (D:10)
  An orc sorcerer (D:10)
  A cyclops (D:10)
  2 manticores
  Maurice (D:10)
  15 elephants
  5 black mambas
  A gargoyle (D:11)
  2 torpor snails (Lair:6)
  10 cane toads
  2 kobold demonologists
  9 rime drakes
  7 komodo dragons
  An unseen horror (D:11)
  3 trolls
  5 polar bears
  A dream sheep (Lair:6)
  4 blink frogs (Lair:3)
  31 yaks
  A shadow (D:9)
  4 wyverns
  5 basilisks
  10 vampire mosquitoes
  A warg (D:11)
  A water moccasin (shapeshifter) (D:10)
  20 water moccasins
  3 acid dragons
  Duvessa (D:7)
  2 sky beasts
  An ice beast (D:7)
  2 black bears
  A necrophage (D:5)
  6 orc warriors
  2 ogres
  5 wolves
  5 centaurs
  2 kobold brigands
  6 scorpions
  22 bullfrogs
  A wyvern zombie (D:6)
  Dowan (D:7)
  A water moccasin skeleton (D:5)
  5 killer bees (D:7)
  2 electric eels (D:9)
  13 wights
  2 howler monkeys (D:10)
  3 centaur zombies
  9 jellies
  10 orc priests
  A centaur skeleton (D:5)
  2 gnoll shamans
  5 hounds
  A scorpion zombie (D:5)
  14 orc wizards
  2 centaur simulacra
  A howler monkey skeleton (D:5)
  2 howler monkey zombies
  9 adders
  11 gnolls
  A shadow imp (D:7)
  2 white imps
  2 worms
  A dart slug (D:2)
  32 orcs
  7 ball pythons
  18 endoplasms
  2 giant cockroaches
  12 goblins
  10 hobgoblins
  6 jackals
  15 kobolds
  3 quokkas
  5 frilled lizards
  6 rats
429 creatures vanquished.

Vanquished Creatures (collateral kills)
  2 vampire mosquitoes (Lair:2)
2 creatures vanquished.

Vanquished Creatures (others)
  6 bushes (D:10)
  44 fungi
  63 plants
113 creatures vanquished.

Grand Total: 544 creatures vanquished

Notes
Turn   | Place    | Note
-------+----------+-------------------------------------------
     0 | Abyss:1  | Hector the Troll Abyssal Knight began the quest for the
                  | Orb.
     0 | Abyss:1  | Reached XP level 1. HP: 22/22 MP: 1/1
    52 | D:1      | Escaped the Abyss
    83 | D:1      | Found Fisuvock's Distillery.
   201 | D:1      | Found Nahir's Assorted Antiques.
   254 | D:1      | Reached XP level 2. HP: 29/29 MP: 2/2
   313 | D:1      | Found Gepaript's General Store.
   424 | D:1      | Found Icoc Ahadi's Antique Armour Shop.
   621 | D:1      | Reached ** piety under Lugonu
   940 | D:1      | Bought a cyan potion for 15 gold pieces
   940 | D:1      | Bought a grey potion for 15 gold pieces
   970 | D:1      | Bought a potion of curing for 30 gold pieces
  1134 | D:2      | Reached XP level 3. HP: 25/36 MP: 3/3
  1191 | D:2      | Found an opulent altar of Gozag.
  1290 | D:2      | Reached skill level 3 in Unarmed Combat
  1376 | D:2      | Reached XP level 4. HP: 44/44 MP: 4/4
  1624 | D:3      | Noticed a black bear
  1641 | D:3      | Killed a black bear
  1642 | D:3      | Reached skill level 4 in Unarmed Combat
  1642 | D:3      | Reached XP level 5. HP: 37/53 MP: 5/5
  1907 | D:3      | Reached *** piety under Lugonu
  1975 | D:3      | Found an iron altar of Okawaru.
  2588 | D:4      | Reached XP level 6. HP: 61/61 MP: 6/6
  2753 | D:4      | Reached skill level 5 in Unarmed Combat
  3440 | D:4      | Reached skill level 6 in Unarmed Combat
  3480 | D:4      | Reached XP level 7. HP: 48/61 MP: 8/8
  3582 | D:5      | Entered Level 5 of the Dungeon
  3877 | D:5      | Found Yxopal's Book Shoppe.
  4005 | D:5      | Reached skill level 7 in Unarmed Combat
  4025 | D:5      | Found a staircase to the Ecumenical Temple.
  4296 | D:5      | Reached **** piety under Lugonu
  4347 | D:5      | Reached XP level 8. HP: 75/75 MP: 9/9
  4423 | D:5      | Reached skill level 8 in Unarmed Combat
  4423 | D:5      | Found a runed translucent gate.
  4443 | D:5      | Found a runed translucent gate.
  4443 | D:5      | Noticed celly00's ghost (amateur OpTm)
  4445 | D:5      | Found a runed translucent gate.
  4872 | D:1      | Bought a potion of heal wounds for 50 gold pieces
  4872 | D:1      | Bought a potion of heal wounds for 50 gold pieces
  4902 | D:1      | Bought a scroll labelled EMAOSS LION for 17 gold pieces
  4902 | D:1      | Bought a scroll labelled EMAOSS LION for 17 gold pieces
  4902 | D:1      | Bought a scroll labelled LYINEKHL MOAN for 17 gold pieces
  4902 | D:1      | Bought a scroll labelled IDARU WAANKE for 17 gold pieces
  5606 | D:6      | Found a glowing golden altar of the Shining One.
  5709 | D:6      | Found a hazy altar of Hepliaklqana.
  5812 | D:6      | Found an ornate altar of the Wu Jian Council.
  6226 | D:7      | Reached skill level 9 in Unarmed Combat
  6508 | D:7      | Reached XP level 9. HP: 65/84 MP: 11/11
  6550 | D:7      | Noticed a kobold demonologist
  6554 | D:7      | Killed a kobold demonologist
  6555 | D:7      | Reached skill level 10 in Unarmed Combat
  6829 | D:7      | Noticed Duvessa
  6859 | D:7      | Killed Duvessa
  6899 | D:7      | Noticed Dowan
  6985 | D:7      | Reached skill level 5 in Invocations
  7570 | D:7      | Killed Dowan
  7969 | D:8      | Reached skill level 11 in Unarmed Combat
  8125 | D:7      | Reached XP level 10. HP: 92/92 MP: 13/13
  8200 | D:8      | Reached skill level 5 in Dodging
  8406 | D:8      | Found a basalt altar of Yredelemnul.
  8763 | D:9      | Reached ***** piety under Lugonu
  8782 | D:9      | Found a staircase to the Lair.
  8876 | D:9      | Found a hide-covered altar of Uskayaw.
  8992 | D:9      | Reached skill level 12 in Unarmed Combat
  9133 | D:9      | Found a snail-covered altar of Cheibriados.
  9557 | Lair:1   | Entered Level 1 of the Lair of Beasts
 10284 | Lair:2   | Noticed a cane toad
 10390 | Lair:2   | Found a hole to the Spider Nest.
 10434 | Lair:2   | Noticed an oklob plant
 10517 | Lair:2   | Reached skill level 13 in Unarmed Combat
 10517 | Lair:2   | Reached XP level 11. HP: 90/100 MP: 15/15
 10607 | Lair:2   | Found a staircase to the Swamp.
 10618 | Lair:2   | Noticed a five-headed hydra
 10619 | Lair:2   | Banished a five-headed hydra
 10788 | Lair:2   | You fall into a shaft and drop 2 floors!
 10940 | Lair:3   | Noticed a four-headed hydra
 10941 | Lair:3   | Banished a four-headed hydra
 10946 | Lair:3   | Noticed a five-headed hydra
 10955 | Lair:3   | Banished a five-headed hydra
 10956 | Lair:3   | Reached skill level 14 in Unarmed Combat
 11684 | Lair:3   | Noticed a five-headed hydra
 11751 | Lair:3   | Reached XP level 12. HP: 96/109 MP: 17/17
 11843 | Lair:3   | Identified the +4 leather armour of the Beginning {Str+2
                  | Dex-5 Slay+3}
 12007 | Lair:3   | Noticed a five-headed hydra
 12009 | Lair:3   | Banished a five-headed hydra
 12010 | Lair:3   | Reached skill level 15 in Unarmed Combat
 12186 | Lair:3   | Banished a five-headed hydra
 12380 | Lair:4   | Noticed a catoblepas
 12393 | Lair:4   | Killed a catoblepas
 12998 | Lair:5   | Noticed a six-headed hydra
 13000 | Lair:5   | Banished a six-headed hydra
 13236 | Lair:5   | Noticed an eight-headed hydra
 13237 | Lair:5   | Banished an eight-headed hydra
 13317 | Lair:5   | Reached skill level 1 in Shields
 13435 | Lair:5   | Reached skill level 5 in Fighting
 13582 | Lair:5   | Noticed a boulder beetle
 13605 | Lair:5   | Killed a boulder beetle
 13606 | Lair:5   | Reached skill level 10 in Invocations
 13713 | Lair:5   | Noticed a four-headed hydra
 13714 | Lair:5   | Banished a four-headed hydra
 13715 | Lair:5   | Reached XP level 13. HP: 118/118 MP: 14/19
 14190 | Lair:6   | Entered Level 6 of the Lair of Beasts
 14742 | Lair:5   | Reached skill level 16 in Unarmed Combat
 15177 | Lair:6   | HP: 1/118 [manticore (8)]
 15588 | Lair:6   | Found a staircase to the Slime Pits.
 15589 | Lair:6   | Found a viscous altar of Jiyva.
 16197 | D:10     | Entered Level 10 of the Dungeon
 16300 | D:10     | Found a stormy altar of Qazlal.
 16319 | D:10     | Noticed Maurice
 16332 | D:10     | Killed Maurice
 16469 | D:10     | Found a blossoming altar of Fedhas.
 16666 | D:10     | Found Wotrikek's Antique Armour Boutique.
 16679 | D:10     | Found a burning altar of Makhleb.
 17410 | D:11     | Found a staircase to the Orcish Mines.
 17741 | D:10     | Reached XP level 14. HP: 92/127 MP: 21/21
 18332 | D:11     | Reached skill level 5 in Shields
 18495 | Orc:1    | Entered Level 1 of the Orcish Mines
 18545 | D:12     | Noticed Frances
 18598 | D:12     | Reached skill level 17 in Unarmed Combat
 18728 | D:12     | HP: 2/127 [sun demon[Frances] (13)]
 18737 | D:12     | HP: 5/127 [sun demon[Frances] (13)]
 18737 | D:12     | Mangled by a sun demon

Illustrated notes

Levels and vault maps discovered:
D:1:      wander_arrival_peaceful_grave, layout_basic, serial_shops,
          nicolae_shop_overgrown_old_shop, nicolae_shop_stone, shop_statue,
          nicolae_shop_trees, minmay_distorted
D:2:      layout_basic, basic_altar, kennysheep_crisscross, minmay_circle_x
D:3:      layout_loops_ring, okawaru_altar_gauntlet_db,
          chequers_serial_rivers_marsh, serial_bayou_lagoon_a,
          chequers_decorated_corner, minmay_misc_feat_doors,
          minmay_misc_feat_secret_circle, kennysheep_potato
D:4:      layout_basic, minmay_fractal_squares_gapless_5
D:5:      layout_cave_pods, temple_statues, serial_shops, nicolae_shop_trees,
          gammafunk_ghost_nasty_kobolds, serial_column_ruins,
          column_ruins_square_small, column_ruins_hut_pillars,
          column_ruins_corridor_corner, column_ruins_open_small,
          column_ruins_columns_corner, column_ruins_grid_1, column_ruins_grid_4,
          st_stairs_1, chequers_serial_rivers_micro_d,
          hangedman_decor_slide_cut, kennysheep_cross_room
D:6:      layout_basic, lemuel_crystal_altar, nicolae_tso_swordbearing_angel,
          kennysheep_mini_moat, minmay_misc_feat_roman
D:7:      layout_layer_cave, minmay_joined_circles, uniq_duvessa
D:8:      layout_cave_pools, general_overflow_altar
D:9:      layout_long_grid, cheibriados_altar_1, kennysheep_little_box,
          erik_lair_island
D:10:     minmay_klotski, layout_layer_cave, nicolae_qazlal_style_of_elements,
          bloody_makhleb, amcnicky_altar_gilded, serial_shops, shop,
          grunt_ministairs_9, uniq_maurice
D:11:     layout_basic, minmay_orc_entry_temple_small, lemuel_another_geyser
D:12:     layout_loops_ring, uniq_jorgrun, uniq_sonja, uniq_fannar, uniq_frances
Lair:1:   layout_misc_corridors
Lair:2:   lemuel_slime, layout_hall_layers, minmay_swamp_entry_swarm,
          spider_nest_entry_web_field, cheibrodos_lair_caveside_slide
Lair:3:   layout_long_grid
Lair:4:   layout_gridlike, grunt_megastairs_5, serial_bayou_shore_b
Lair:5:   layout_long_grid, serial_bayou_shore_b
Lair:6:   hangedman_lair_in_review, layout_gridlike, slime_altar_1,
          chequers_serial_rivers_micro_e, minmay_lair_drake_nest
Orc:1:    lemuel_ogre_cave, layout_caves

Skill      XL: |  1  2  3  4  5  6  7  8  9 10 11 12 13 14 |
---------------+-------------------------------------------+-----
Dodging        | 2 3 4 5 6 7 8 |  8.5
Unarmed Combat | 3 4 6 7 9 11 13 14 15 16 17 | 17.0
Invocations    | 2 3 4 5 6 8 10 11 | 11.5
Fighting       | 3 4 5 |  5.5
Shields        | 1 4 5 |  5.2

Action                   |  1- 3 |  4- 6 |  7- 9 | 10-12 | 13-15 || total
-------------------------+-------+-------+-------+-------+-------++-------
Melee: Unarmed           |   105 |   164 |   292 |   493 |   493 ||  1547
       Punch             |       |       |     7 |    26 |       ||    33
Throw: Javelin           |       |       |       |       |     1 ||     1
Invok: Banish            |       |       |       |     9 |    18 ||    27
       Bend Space        |       |       |       |       |     1 ||     1
  Use: Scroll            |       |       |    12 |     9 |     3 ||    24
       Potion            |       |       |       |       |     3 ||     3
 Stab: Petrified         |       |       |       |     1 |     3 ||     4
Armor: Robe              |    55 |    57 |   134 |   219 |   108 ||   573
       Steam dragon scal |       |       |       |       |    43 ||    43
Dodge: Dodged            |    38 |    62 |   132 |   146 |   127 ||   505
Block: Kite shield       |       |       |       |    20 |   188 ||   208
       Tower shield      |       |       |       |       |     9 ||     9

Table legend: (Time is in decaauts)
 A = Elapsed time spent in this place.
 B = Non-inter-level travel time spent in this place.
 C = Inter-level travel time spent in this place.
 D = Time resting spent in this place.
 E = Time spent auto-exploring this place.
 F = Levels seen in this place.
 G = Mean time per level.
                   A        B        C        D        E       F      G
               +--------+--------+--------+--------+--------+-----+--------+
         Total |  18612 |  16505 |   2107 |    857 |  10885 |  20 |  930.6 |
       Dungeon |  12030 |  10413 |   1617 |    271 |   7287 |  12 | 1002.5 |
          Lair |   6524 |   6034 |    490 |    586 |   3553 |   6 | 1087.3 |
  Orcish Mines |      5 |      5 |      0 |      0 |      0 |   1 |    5.0 |
         Abyss |     52 |     52 |      0 |      0 |     45 |   1 |   52.0 |
               +--------+--------+--------+--------+--------+-----+--------+

Top non-repeatable levels by time:
  Lair:6: 1675 daAuts
     D:7: 1647 daAuts
    D:10: 1582 daAuts
     D:5: 1431 daAuts
  Lair:5: 1364 daAuts
     D:4: 1192 daAuts
     D:9: 1068 daAuts
     D:1: 1030 daAuts
     D:6: 967 daAuts
     D:3: 921 daAuts
  Lair:4: 905 daAuts
  Lair:1: 864 daAuts
  Lair:3: 859 daAuts
  Lair:2: 854 daAuts
    D:11: 740 daAuts
